 Dungeon Crawl Stone Soup version 0.26-a0-667-g92642533e4 (webtiles) character file.

Game seed: 11139074951935227802

2 somkeydreadnuts the Shooter (level 1, -3/10 HPs)
             Began as a Spriggan Hunter on Oct 17, 2020.
             Slain by a goblin (4 damage)
             ... on level 1 of the Dungeon.
             The game lasted 00:00:33 (207 turns).

somkeydreadnuts the Shooter (Spriggan Hunter)        Turns: 207, Time: 00:00:34

Health: -3/10      AC:  2    Str:  8    XL:     1   Next: 25%
Magic:  2/2        EV: 18    Int: 12    God:
Gold:   18         SH:  0    Dex: 16    Spells: 0/0 levels left

rFire    . . .     SeeInvis +   b - +0 short sword
rCold    . . .     Faith    .   (shield restricted)
rNeg     . . .     Spirit   .   c - +0 robe
rPois    .         Reflect  .   (helmet restricted)
rElec    .         Harm     .   (no cloak)
rCorr    .         Rampage  .   (gloves unavailable)
MR       .....                  (boots unavailable)
Stlth    ++........             (no amulet)
HPRegen  0.03/turn              (no ring)
MPRegen  0.08/turn              (no ring)

@: very quick
A: very small, unfitting armour, see invisible, speed 3
a: no special abilities


You were on level 1 of the Dungeon.
You visited 1 branch of the dungeon, and saw 1 of its levels.

You collected 18 gold pieces.

Inventory:

Hand Weapons
 a - a +1 shortbow
 b - a +0 short sword (weapon)
Missiles
 d - 20 arrows
Armour
 c - a +0 robe (worn)
Scrolls
 f - a scroll of enchant armour {unknown}
Potions
 e - a potion of flight {unknown}


   Skills:
 + Level 1.5 Fighting
 + Level 5.0 Bows
 + Level 3.0 Dodging
 + Level 1.5 Stealth


You couldn't memorise any spells.
You didn't know any spells.
Your spell library was empty.

Dungeon Overview and Level Annotations

Branches:
Dungeon (1/15)

Altars:


Innate Abilities, Weirdness & Mutations

You are very small and have problems with some larger weapons.
You are too small for most types of armour.
You have supernaturally acute eyesight. (SInv)
You cover ground extremely quickly.


Message History

You hit the frilled lizard.
You kill the frilled lizard!
Your Bows skill increases to level 5!
The kobold throws a stone.
The stone closely misses you. The goblin closely misses you.
The kobold hits you.
You closely miss the kobold.
The kobold is heavily wounded.
The kobold hits you but does no damage. The goblin hits you.
* * * LOW HITPOINT WARNING * * *
You miss the kobold.
The kobold is heavily wounded.
The kobold completely misses you.
A hobgoblin comes into view.
The goblin misses you.
The hobgoblin shouts!
You hit the kobold but do no damage.
The kobold is heavily wounded.
The kobold closely misses you. The goblin hits you.
You die...

.. ...... .. ..... #g
.... #. ...# #
#.#...#.## #...$....#
#.....#.$# #.K......#
##@#..##.# ###g#.....#
########..(..###.####
#......#.###.###.....
#.####.#.# #.##...#
#.####.#.# #......##
#.#......# #.......#
#.#.##.#.###.......###.
#.#.##.#.##....<.......


You could see a hobgoblin, a goblin and a kobold.

Vanquished Creatures
  A bat (D:1)
  A frilled lizard (D:1)
  A kobold (D:1)
3 creatures vanquished.

Notes
Turn   | Place    | Note
-------+----------+-------------------------------------------
     0 | D:1      | somkeydreadnuts the Spriggan Hunter began the quest for the
                  | Orb.
     0 | D:1      | Reached XP level 1. HP: 10/10 MP: 2/2
   203 | D:1      | Reached skill level 5 in Bows
   207 | D:1      | Slain by a goblin

Illustrated notes

Levels and vault maps discovered:
D:1:      dpeg_arrival_orchard, layout_loops_cross, minmay_misc_feat_nine_boxes

Skill      XL: |  1 |
---------------+----+-----
Bows           | 5 |  5.0
Fighting       | |  1.5
Dodging        | |  3.0
Stealth        | |  1.5

Action                   || total
-------------------------++-------
Melee: Short sword       ||    25
Armor: Robe              ||     3
Dodge: Dodged            ||    33

Table legend: (Time is in decaauts)
 A = Elapsed time spent in this place.
 B = Non-inter-level travel time spent in this place.
 C = Inter-level travel time spent in this place.
 D = Time resting spent in this place.
 E = Time spent auto-exploring this place.
 F = Levels seen in this place.
 G = Mean time per level.
                   A        B        C        D        E       F      G
               +--------+--------+--------+--------+--------+-----+--------+
         Total |    160 |    160 |      0 |      0 |    100 |   1 |  160.0 |
       Dungeon |    160 |    160 |      0 |      0 |    100 |   1 |  160.0 |
               +--------+--------+--------+--------+--------+-----+--------+

Top non-repeatable levels by time:
     D:1: 160 daAuts
